 Dungeon Crawl Stone Soup version 0.31-a0-986-g5e6e4ef867 (webtiles) character file.

Game seed: 15638539321324771318

6178 wildpjah the Carver (level 10, -7/60 HPs)
             Began as a Tengu Monk on Nov 22, 2023.
             Was a High Priest of Wu Jian.
             Mangled by a basilisk (9 damage)
             ... while petrified by a basilisk
             ... on level 11 of the Dungeon.
             The game lasted 00:24:40 (9515 turns).

wildpjah the Carver (Tengu Monk)                    Turns: 9515, Time: 00:24:40

Health: -7/60      AC: -1    Str: 12    XL:     10   Next: 91%
Magic:  20/20      EV:  2    Int: 11    God:    Wu Jian [*****.]
Gold:   527        SH:  0    Dex: 22    Spells: 9/9 levels left

rFire   + + .        n - +0 double sword of Youthful Indiscretion {flame, *Corrode rElec MP+9 Dex+2}
rCold   . . .        G - +0 buckler
rNeg    + + +        s - +2 ring mail {rF+}
rPois   ∞            (helmet restricted)
rElec   +            (no cloak)
rCorr   .            O - +1 pair of gloves
SInv    .            (boots unavailable)
Will    .....        (no amulet)
Stlth   ++           r - ring of protection from fire
HPRegen 0.30/turn    (no ring)
MPRegen 0.17/turn

%: corrode self (3%), acrobat
@: petrified, corroded, flying
A: beak, talons 3, evasive flight, acrobatic
a: Renounce Religion, Wall Jump, Serpent's Lash, Heavenly Storm


You were on level 11 of the Dungeon.
You worshipped Wu Jian.
Wu Jian was extremely pleased with you.
You visited 2 branches of the dungeon, and saw 12 of its levels.
You also visited: Sewer.

You collected 631 gold pieces.
You spent 104 gold pieces at shops.

Inventory:

Hand Weapons
 a - a +0 falchion
 f - a +1 short sword of electrocution
 n - the +0 double sword of Youthful Indiscretion (weapon) {flame, *Corrode rElec MP+9 Dex+2}
   (You acquired it in the Ecumenical Temple)

   Dex+2:     It affects your dexterity (+2).
   rElec:     It insulates you from electricity.
   MP+9:      It affects your magic capacity (+9).
   *Corrode:  It may corrode you when you take damage.
 K - the +8 falchion "Demon's Death Toll" {freeze, rC- MP+9 Int+3 Stlth+}
   (You found it on level 8 of the Dungeon)

   Int+3:     It affects your intelligence (+3).
   rC-:       It makes you vulnerable to cold.
   MP+9:      It affects your magic capacity (+9).
   Stlth+:    It makes you more stealthy.
 L - a +2 great sword of freezing
 N - a +1 dagger of venom
Missiles
 b - 8 atropa-tipped darts
 j - 2 javelins
 Q - a throwing net
Armour
 d - an orb of light
 h - a +0 chain mail
 s - a +2 ring mail of fire resistance (worn)
 G - a +0 buckler (worn)
 O - a +1 pair of gloves (worn)
Jewellery
 r - a ring of protection from fire (left hand)
Wands
 y - a wand of mindburst (20)
 H - a wand of iceblast (12)
Scrolls
 k - 3 scrolls of enchant weapon
 o - 2 scrolls of identify
 t - 2 scrolls of fear
 v - 4 scrolls of teleportation {unknown}
 w - 2 scrolls of immolation {unknown}
 x - 2 scrolls of noise {unknown}
 B - a scroll of blinking {unknown}
 C - 3 scrolls of vulnerability {unknown}
 D - 2 scrolls of poison {unknown}
 E - a scroll of silence {unknown}
 F - 3 scrolls of enchant armour {unknown}
 I - a scroll of amnesia {unknown}
 J - a scroll of fog {unknown}
 P - 2 scrolls of revelation {unknown}
Potions
 c - a potion of ambrosia
 e - a potion of might {unknown}
 g - 3 potions of invisibility {unknown}
 i - a potion of cancellation {unknown}
 l - a potion of degeneration {unknown}
 m - 6 potions of curing
 p - 2 potions of lignification {unknown}
 q - 2 potions of resistance {unknown}
 u - 3 potions of heal wounds
 z - a potion of brilliance {unknown}
 A - 2 potions of mutation {unknown}
 M - a potion of haste {unknown}


   Skills:
 + Level 5.8 Fighting
 + Level 2.9(9.4) Short Blades
 * Level 13.9(14.0) Long Blades
 + Level 0.4 Throwing
 + Level 5.4 Armour
 + Level 6.1 Dodging
 + Level 4.1 Stealth
 + Level 1.6 Shields


You had 9 spell levels left.
You didn't know any spells.
Your spell library contained the following spells:

 Spells                   Type           Power      Damage    Failure   Level
 Apportation              Tloc           0%         N/A       71%         1
 Necrotise                Necr           0%         1d4       71%         1
 Summon Small Mammal      Summ           0%         N/A       71%         1
 Blink                    Tloc           0%         N/A       85%         2
 Lesser Beckoning         Tloc           0%         N/A       85%         2
 Momentum Strike          Conj/Tloc      0%         3d8       85%         2
 Haunt                    Necr/Summ      0%         N/A       100%        7
 Malign Gateway           Summ/Tloc      0%         N/A       100%        7
 Borgnjor's Revivificati  Necr           0%         N/A       100%        8
 Summon Horrible Things   Summ           0%         N/A       100%        8
 Death's Door             Necr           0%         N/A       100%        9


Dungeon Overview and Level Annotations

Branches:
Dungeon (11/15)            Temple (1/1) D:4             Orc (0/2) D:9
  Sewer (visited)
   Lair: D:8-11

Altars:
Ashenzari
Cheibriados
Dithmenos
Elyvilon
Fedhas
Gozag
Hepliaklqana
Kikubaaqudgha
Makhleb
Nemelex Xobeh
Okawaru
Qazlal
Ru
Sif Muna
Trog
Uskayaw
Vehumet
Wu Jian
Xom
Yredelemnul
Zin
The Shining One

Shops:
D:3 !

Annotations:
D:4 2 transporters, croobank's ghost, amateur DsFE


Innate Abilities, Weirdness & Mutations

You have a beak for a mouth.
You have claws for feet.
Your magical flight helps you evade attacks. (EV +4)
You can magically evade attacks while moving or waiting.


Message History

You resist with some effort. The basilisk gazes at you.
You are slowing down.
You lunge at the basilisk, in a flurry of attacks.
You slash the basilisk! You burn the basilisk. You claw the basilisk.
The basilisk is heavily wounded.
You slash the basilisk! You burn the basilisk. Your kick misses the basilisk.
Your peck misses the basilisk.
The basilisk is almost dead.
The basilisk gazes at you.
Your limbs have turned to stone.
The acid dragon spits acid at you. The splash of acid hits you!!
You have turned to stone.
The basilisk bites you. The acid dragon spits acid at you.
The splash of acid hits you!!
Your corrosive artefact corrodes you!
The acid corrodes you! The basilisk gazes at you. You resist with some effort.
The basilisk barely misses you. The basilisk bites you.
A river rat comes into view.
The basilisk gazes at you. You resist with some effort.
The acid dragon spits acid at you. The splash of acid hits you!
The acid corrodes you!
You hear a bellow!
The basilisk bites you!
A death yak comes into view.
The river rat bites you! The basilisk bites you!
* * * LOW HITPOINT WARNING * * *
The shadow slips into darkness.
The shadow flickers and vanishes!
Deactivating autopickup; reactivate with Ctrl-A.
The river rat bites you.
* * * LOW HITPOINT WARNING * * *
The basilisk bites you!
* * * LOW HITPOINT WARNING * * *
The basilisk bites you!!
You die...

#...##.........#..........
........##................
.............#...#########
...♣.........##..#
♣...[.......#.(#
.P.$.............#
PP...............#
PP......rD...[...#
..♣♣.{..l@.......# .
....).#........# ######
.......##..##...# ......
...(.!.#........#########
... #................. ..
###.....###...#... .
#....###.......#
#...)..........#
............


You could see a basilisk, an acid dragon and a river rat.

Vanquished Creatures
  A two-headed ogre (D:9)
  An unseen horror (D:10)
  3 trolls
  A hornet (D:8)
  Prince Ribbit (D:5)
  2 shadows
  3 yaks (D:10)
  A steam dragon (D:6)
  4 water moccasins
  3 orc warriors
  3 centaurs
  5 kobold brigands
  A phantom (D:6)
  A bullfrog (D:9)
  A gnoll sergeant (D:10)
  3 scorpions
  7 wights
  A howler monkey (D:3)
  3 hounds
  A jelly (D:7)
  10 orc priests
  4 sleepcaps
  5 iguanas
  12 orc wizards
  12 gnolls
  14 adders
  2 shadow imps (D:6)
  An ufetubus (D:6)
  2 worms (D:2)
  2 dart slugs
  51 orcs
  9 bats
  6 endoplasms
  7 giant cockroaches
  13 goblins
  12 hobgoblins
  3 jackals
  22 kobolds
  3 quokkas
  9 ball pythons
  3 frilled lizards
  6 rats
  A spectral hobgoblin (D:8)
255 creatures vanquished.

Notes
Turn   | Place    | Note
-------+----------+-------------------------------------------
     0 | D:1      | wildpjah the Tengu Monk began the quest for the Orb.
     0 | D:1      | Reached XP level 1. HP: 14/14 MP: 2/2
   196 | D:1      | Reached XP level 2. HP: 19/19 MP: 3/3
   528 | D:1      | Reached XP level 3. HP: 23/23 MP: 4/4
  1006 | D:2      | Reached skill level 4 in Long Blades
  1021 | D:2      | Reached XP level 4. HP: 15/28 MP: 5/5
  1172 | D:2      | Reached skill level 1 in Short Blades
  1417 | D:2      | Found an opulent altar of Gozag.
  1471 | D:2      | Reached XP level 5. HP: 33/33 MP: 6/6
  1977 | D:3      | Reached skill level 1 in Armour
  2330 | D:3      | Reached XP level 6. HP: 12/38 MP: 7/7
  2611 | D:3      | Found a sparkling altar of Nemelex Xobeh.
  2876 | D:3      | Found Ficzec's Distillery.
  2884 | D:3      | Bought a potion of curing for 39 gold pieces
  2884 | D:3      | Bought a potion of heal wounds for 65 gold pieces
  2908 | D:3      | Found a faded altar of an unknown god.
  2987 | D:3      | Reached skill level 5 in Long Blades
  3048 | D:4      | Found a staircase to the Ecumenical Temple.
  3074 | D:4      | Identified a scroll of acquirement
  3077 | Temple   | Entered the Ecumenical Temple
  3078 | Temple   | Acquired the +0 double sword of Youthful Indiscretion
                  | {flame, *Corrode rElec MP+9 Dex+2}
  3090 | Temple   | Became a worshipper of the Wu Jian Council
  3090 | Temple   | Reached * piety under Wu Jian
  3090 | Temple   | Reached ** piety under Wu Jian
  3178 | D:4      | Found a transporter.
  3179 | D:4      | Found a transporter.
  3413 | D:4      | Found a glowing drain.
  3420 | D:4      | Reached skill level 1 in Stealth
  3427 | Sewer    | Entered a sewer
  3456 | Sewer    | Noticed a water moccasin
  3462 | Sewer    | Killed a water moccasin
  3463 | Sewer    | Gained mutation: Your magical flight helps you evade
                  | attacks. (EV +4) [Tengu growth]
  3463 | Sewer    | Reached XP level 7. HP: 43/43 MP: 8/8
  4010 | D:4      | Noticed croobank's ghost (amateur DsFE)
  4085 | D:5      | Entered Level 5 of the Dungeon
  4163 | D:5      | Reached skill level 6 in Long Blades
  4171 | D:5      | Noticed Prince Ribbit
  4179 | D:5      | Killed Prince Ribbit
  4180 | D:5      | Reached skill level 5 in Dodging
  4287 | D:5      | Reached XP level 8. HP: 47/48 MP: 9/9
  4360 | D:5      | Reached skill level 7 in Long Blades
  4594 | D:5      | Found a blossoming altar of Fedhas.
  4997 | D:6      | Reached *** piety under Wu Jian
  5021 | D:6      | Reached skill level 8 in Long Blades
  5027 | D:6      | Found a shimmering blue altar of Sif Muna.
  5131 | D:6      | Reached skill level 9 in Long Blades
  5375 | D:6      | Found a glowing golden altar of the Shining One.
  5602 | D:6      | Found an iron altar of Okawaru.
  5614 | D:6      | Found a white marble altar of Elyvilon.
  5677 | D:7      | Reached XP level 9. HP: 52/52 MP: 10/10
  5889 | D:7      | Reached skill level 10 in Long Blades
  5996 | D:7      | You are sucked into a shaft and drop 1 floor!
  6079 | D:8      | Found a snail-covered altar of Cheibriados.
  6337 | D:8      | Found a burning altar of Makhleb.
  6337 | D:8      | Noticed a blizzard demon
  6387 | D:8      | Identified the +8 falchion "Demon's Death Toll" {freeze,
                  | rC- MP+9 Int+3 Stlth+}
  6552 | D:8      | Noticed a hornet
  6563 | D:8      | Killed a hornet
  6564 | D:8      | Reached skill level 5 in Fighting
  6755 | D:8      | Reached skill level 11 in Long Blades
  6854 | D:8      | Reached **** piety under Wu Jian
  7060 | D:8      | Found a hazy altar of Hepliaklqana.
  7340 | D:9      | Noticed a two-headed ogre
  7362 | D:9      | Killed a two-headed ogre
  7363 | D:9      | Reached XP level 10. HP: 51/59 MP: 11/11
  7431 | D:9      | Reached skill level 12 in Long Blades
  7698 | D:9      | Found a sacrificial altar of Ru.
  8178 | D:9      | Found a staircase to the Orcish Mines.
  8254 | D:9      | Reached skill level 1 in Shields
  8420 | D:10     | Entered Level 10 of the Dungeon
  8463 | D:10     | Killed an unseen horror
  8464 | D:10     | Reached skill level 5 in Armour
  8572 | D:10     | Reached ***** piety under Wu Jian
  8643 | D:10     | Found a basalt altar of Yredelemnul.
  8742 | D:10     | Reached skill level 13 in Long Blades
  8855 | D:10     | Found a glowing silver altar of Zin.
  9512 | D:11     | Noticed a death yak
  9514 | D:11     | HP: 1/60 [basilisk (8)]
  9515 | D:11     | Mangled by a basilisk

Illustrated notes

Levels and vault maps discovered:
D:1:      dpeg_arrival_prison, layout_basic
D:2:      cheibrodos_greedy_goblins, layout_basic, basic_altar
D:3:      minmay_recursive_quarters, layout_basic,
          mainiacjoe_overflow_tiny_flanked,
          dreamdust_ecumenical_altar_sealed_demon, serial_shops, shop,
          supply_closet_lemuel
D:4:      layout_basic, minmay_temple_entry_gardened_gates,
          gammafunk_ghost_gnarly_gnolls, portal_sewer_entry_d
D:5:      layout_gridville, old_standard_altar, uniq_prince_ribbit1
D:6:      layout_basic, tso_oasis_becter, lemuel_crystal_altar,
          amethyst_overflow_temple_binary, serial_glass, glass_columns_a,
          glass_columns_a, hangedman_minor_gate_pass
D:7:      layout_loops_cross, hangedman_abyss_or_decor_lesser_grid, uniq_joseph
D:8:      layout_basic, nicolae_hepliaklqana_monster_ancestors,
          mainiacjoe_overflow_cross_hatched, makhleb_altar_promises_db
D:9:      layout_gridville, mainiacjoe_overflow_paths, hiddenorc1_lemuel
D:10:     layout_loops_cross, kennysheep_mini_moat, zin_treasury
D:11:     layout_cave_pools, dpeg_lair_monsters, serial_park,
          serial_park_tiny_pond, serial_park_gazebo
          [serial_park_minivault_5x5_2], serial_park_square3
          [serial_park_minivault_5x5_5], hangedman_glass_teeth,
          hangedman_decor_peaks_small, minmay_gold_behind_fungi, minivault_5,
          chequers_serial_rivers_room_a, nzn_wu_jian_contemplation
Temple:   hellmonk_temple_flake

Skill      XL: |  1  2  3  4  5  6  7  8  9 10 |
---------------+-------------------------------+-----
Long Blades    | 4 5 6 9 11 13 | 13.9
Dodging        | 4 5 6 |  6.1
Short Blades   | 1 2 |  2.9
Armour         | 1 2 3 4 5 |  5.4
Stealth        | 1 2 3 4 |  4.1
Fighting       | 4 5 |  5.8
Shields        | 1 |  1.6
Throwing       | |  0.4

Action                     |  1- 3 |  4- 6 |  7- 9 | 10-12 || total
---------------------------+-------+-------+-------+-------++-------
  Melee: Falchion          |    28 |   107 |    17 |       ||   152
         Kick              |    16 |    55 |    70 |    48 ||   189
         Peck              |     7 |    28 |    35 |    28 ||    98
         Short sword       |    30 |    70 |       |       ||   100
         Punch             |       |     3 |     2 |       ||     5
         Double sword      |       |    17 |   207 |   164 ||   388
  Throw: Javelin           |       |     2 |       |       ||     2
         Dart              |       |     1 |       |       ||     1
 Invoke: Serpent's Lash    |       |       |       |     1 ||     1
Ability: Lunge             |       |     2 |    28 |    25 ||    55
         Whirlwind         |       |     1 |    57 |    30 ||    88
         Wall Jump         |       |     1 |     1 |     8 ||    10
    Use: Scroll            |       |     4 |       |       ||     4
   Stab: Sleeping          |       |     2 |     8 |       ||    10
         Invisible         |       |     1 |       |       ||     1
 Armour: Robe              |     4 |       |       |       ||     4
         Chain mail        |    25 |    65 |       |       ||    90
         Ring mail         |       |    62 |    78 |    59 ||   199
  Dodge: Dodged            |    36 |   117 |   157 |    69 ||   379
  Block: Buckler           |       |       |    12 |    17 ||    29

Table legend: (Time is in decaauts)
 A = Elapsed time spent in this place.
 B = Non-inter-level travel time spent in this place.
 C = Inter-level travel time spent in this place.
 D = Time resting spent in this place.
 E = Time spent auto-exploring this place.
 F = Levels seen in this place.
 G = Mean time per level.
                   A        B        C        D        E       F      G
               +--------+--------+--------+--------+--------+-----+--------+
         Total |   9536 |   9155 |    381 |    133 |   7197 |  13 |  733.5 |
       Dungeon |   9388 |   9007 |    381 |    133 |   7109 |  11 |  853.5 |
        Temple |     25 |     25 |      0 |      0 |      0 |   1 |   25.0 |
         Sewer |    123 |    123 |      0 |      0 |     88 |   1 |  123.0 |
               +--------+--------+--------+--------+--------+-----+--------+

Top non-repeatable levels by time:
     D:8: 1340 daAuts
     D:3: 1225 daAuts
     D:9: 1097 daAuts
    D:10: 988 daAuts
     D:1: 980 daAuts
     D:4: 911 daAuts
     D:5: 899 daAuts
     D:2: 824 daAuts
     D:6: 665 daAuts
     D:7: 354 daAuts
   Sewer: 123 daAuts
    D:11: 100 daAuts
  Temple: 25 daAuts
